 Dungeon Crawl Stone Soup version 0.30-a0-46-g5a63ccc183 (webtiles) character file.

Game seed: 6996511960440032210

8983 IdlyInterested the Slicer (level 11, -2/78 HPs)
             Began as a Demonspawn Wanderer on Sept 1, 2022.
             Slain by a sixfirhy (9 damage)
             ... summoned by a kobold demonologist
             ... on level 10 of the Dungeon.
             The game lasted 00:41:06 (12200 turns).

IdlyInterested the Slicer (Demonspawn Wanderer)    Turns: 12200, Time: 00:41:07

Health: -2/78      AC: 13    Str: 12      XL:     11   Next: 17%
Magic:  17/17      EV: 13    Int: 15 (16) God:
Gold:   88         SH:  0    Dex: 14 (15) Spells: 18/18 levels left

rFire   + . .      SeeInvis .    e - +5 short sword (elec)
rCold   . . .      Faith    .    (no shield)
rNeg    . . .      Spirit   .    g - +1 steam dragon scales
rPois   .          Reflect  .    k - +0 helmet
rElec   .          Harm     .    a - +0 cloak
rCorr   .          Rampage  .    (gloves unavailable)
Will    .....                    h - +1 pair of boots
Stlth   +++++.....               (no amulet)
HPRegen 0.23/turn                i - +4 ring of slaying
MPRegen 0.15/turn                s - ring of flight

@: flying
A: molten scales 2, demonic magic 1, bedeviling, demonic touch 3, camouflage 1,
deterioration 1, fire resistance 1, screaming 1
a: no special abilities


You were on level 10 of the Dungeon.
You visited 2 branches of the dungeon, and saw 11 of its levels.

You collected 495 gold pieces.
You spent 407 gold pieces at shops.

Inventory:

Hand Weapons
 e - a +5 short sword of electrocution (weapon)
 l - a +4 dagger of speed
 o - a +2 dagger of protection
 B - a +1 short sword of venom
 P - a +0 rapier
 Q - a +4 dagger
Missiles
 n - 5 javelins
 p - 8 boomerangs
 x - 16 poisoned darts (quivered)
 R - 3 curare-tipped darts
Armour
 a - a +0 cloak (worn)
 d - a +2 scale mail of fire resistance
 g - +1 steam dragon scales (worn)
 h - a +1 pair of boots (worn)
 k - a +0 helmet (worn)
 w - a +1 ring mail of positive energy
 A - a +0 scale mail of cold resistance
 K - a +2 leather armour of poison resistance
Jewellery
 i - a +4 ring of slaying (left hand)
 s - a ring of flight (right hand)
 y - a ring of willpower
 G - a ring of protection from fire
Wands
 t - a wand of roots (19)
 v - a wand of digging (4)
 D - a wand of flame (48)
 J - a wand of acid (1)
Scrolls
 b - 2 scrolls of fear
 m - a scroll of identify
 q - 2 scrolls of teleportation
 E - a scroll of amnesia
 L - 3 scrolls of blinking
Potions
 c - a potion of resistance
 f - 3 potions of magic
 r - 3 potions of brilliance
 u - a potion of mutation
 F - a potion of curing


   Skills:
 + Level 4.7 Fighting
 + Level 10.0 Short Blades
 - Level 1.0 Throwing
 - Level 2.0 Armour
 + Level 4.0 Dodging
 * Level 9.5 Stealth
 - Level 4.0 Unarmed Combat
 - Level 4.0 Spellcasting
 - Level 5.0 Hexes
 - Level 1.0 Transmutations
 - Level 2.0 Evocations


You had 18 spell levels left.
You didn't know any spells.
Your spell library contained the following spells:

 Spells                   Type           Power      Damage    Failure   Level
 Apportation              Tloc           6%         N/A       19%         1
 Wereblood                Tmut           6%         N/A       19%         2
 Passwall                 Tmut/Erth      3%         N/A       22%         2
 Leda's Liquefaction      Hex/Erth       7%         N/A       54%         4
 Alistair's Intoxication  Tmut/Pois      2%         N/A       99%         5
 Lee's Rapid Deconstruct  Erth           1%         3d5*      99%         5
 Statue Form              Tmut/Erth      2%         N/A       100%        6


Dungeon Overview and Level Annotations

Branches:
Dungeon (10/15)            Temple (1/1) D:6            Lair (0/5) D:9
    Orc: D:9-12

Altars:
Ashenzari
Cheibriados
Dithmenos
Fedhas
Gozag
Hepliaklqana
Kikubaaqudgha
Makhleb
Nemelex Xobeh
Okawaru
Qazlal
Ru
Sif Muna
Trog
Uskayaw
Vehumet
Wu Jian
Xom
Yredelemnul

Shops:
D:2 *   D:5 **   D:9 =


Innate Abilities, Weirdness & Mutations

You are mostly covered in molten scales. (AC +3)
Spells you cast may paralyse adjacent enemies.
Your hexes are more powerful.
Your touch may irresistibly damage your foes and sap their willpower.
Your skin changes colour to match your surroundings (Stealth+).
Your body sometimes deteriorates upon taking damage.
Your flesh is heat resistant. (rF+)
You occasionally shout uncontrollably at your foes.


Message History

The sixfirhy hits you but does no damage.
Okay, then.
Aiming: Corrosive Bolt
Press: ? - help, Shift-Dir - straight line, f - sixfirhy
Aim: a sixfirhy (moderately wounded, summoned, 38% to hit)
The bolt of acid hits the sixfirhy!
The acid corrodes the sixfirhy!
The sixfirhy is heavily wounded.
The bolt of acid misses the kobold demonologist.
The bolt of acid hits the ice devil!
The acid corrodes the ice devil!
The ice devil is moderately wounded.
The sixfirhy hits you. The sixfirhy shocks you!
* * * LOW HITPOINT WARNING * * *
The sixfirhy closely misses you. The sixfirhy hits you.
* * * LOW HITPOINT WARNING * * *
The sixfirhy shocks you!
* * * LOW HITPOINT WARNING * * *
The kobold demonologist mumbles some strange words.
The sixfirhy hits you but does no damage.
You feel better.
The quasit disappears in a puff of smoke!
The sixfirhy closely misses you.
Aiming: Corrosive Bolt
Press: ? - help, Shift-Dir - straight line, f/p - sixfirhy
Aim: a sixfirhy (heavily wounded, summoned, covered in acid, 38% to hit)
The bolt of acid misses the sixfirhy.
The bolt of acid hits the kobold demonologist!
The kobold demonologist is lightly wounded.
The bolt of acid misses the ice devil.
Aiming: Corrosive Bolt
Press: ? - help, Shift-Dir - straight line, f/p - sixfirhy
Aim: a sixfirhy (moderately wounded, summoned, covered in acid, 38% to hit)
The bolt of acid hits the sixfirhy!
The sixfirhy is severely wounded.
The bolt of acid misses the kobold demonologist.
The bolt of acid hits the ice devil!
The ice devil is heavily wounded.
The sixfirhy hits you.
* * * LOW HITPOINT WARNING * * *
The sixfirhy shocks you!
You die...

#. #.<........#.
#..###........#.
##
##...####.......
#. .#
#....#####.#. .#.
####.........
545###....#####...
#K##...#### #...
#3#..### #.##
#.#@#.## #.##
#.....# #.#
##...## #.# #.).#
#.# #...# ##[##
#.# ###### #.#
....## #. #....


You could see an ice devil (summoned, corroded), a kobold demonologist, a
sixfirhy (summoned, corroded) and 2 iron imps.

Vanquished Creatures
  The ghost of osoart the Grappler, a journeyman TrBe of Trog (D:9)
  2 two-headed ogres (D:10)
  A kobold demonologist (D:10)
  2 trolls (D:10)
  2 hornets
  A shadow (D:5)
  Sigmund (D:3)
  3 wyverns
  Eustachio (D:6)
  3 yaks (D:9)
  3 steam dragons
  Menkaure (D:7)
  An acid dragon (D:8)
  2 water moccasins
  Duvessa (D:6)
  2 ice beasts
  An orc warrior (D:7)
  2 sky beasts
  2 black bears
  2 ogres (D:5)
  4 phantoms
  2 kobold brigands
  A bullfrog (D:7)
  2 necrophages
  A gnoll sergeant (D:9)
  3 scorpions
  Dowan (D:6)
  17 wights
  6 killer bees (D:9)
  A howler monkey (D:10)
  4 hounds
  Crazy Yiuf (D:6)
  2 orc priests
  3 jellies
  6 orc wizards
  Ijyb (D:3)
  Terence (D:3)
  6 iguanas
  Robin (D:2)
  4 gnolls (D:9)
  7 adders
  A shadow imp (D:7)
  3 white imps
  2 ufetubi
  4 dart slugs
  23 orcs
  5 ball pythons
  5 bats
  4 endoplasms
  3 giant cockroaches
  18 goblins
  8 hobgoblins
  22 kobolds
  3 quokkas
  3 frilled lizards
  9 rats
  2 bushes (D:1)
223 creatures vanquished.

Vanquished Creatures (others)
  2 orcs (D:5)
2 creatures vanquished.

Grand Total: 225 creatures vanquished

Notes
Turn   | Place    | Note
-------+----------+-------------------------------------------
     0 | D:1      | IdlyInterested the Demonspawn Wanderer began the quest for
                  | the Orb.
     0 | D:1      | IdlyInterested set off with the following items: a +2
                  | dagger, a scroll of fear, a potion of lignification, a
                  | potion of attraction, a +0 robe; and the following spells
                  | available to memorise: Wereblood, Passwall.
     0 | D:1      | Reached XP level 1. HP: 15/15 MP: 3/3
   799 | D:1      | Gained mutation: Spells you cast may paralyse adjacent
                  | enemies. [demonic ancestry]
   799 | D:1      | Reached XP level 2. HP: 21/21 MP: 5/5
   890 | D:1      | HP: 1/21 [kobold/+0 short sword (2)]
  1014 | D:1      | Reached skill level 1 in Dodging
  1149 | D:1      | Reached skill level 1 in Short Blades
  1244 | D:1      | Gained mutation: Your touch may inflict minor irresistible
                  | damage on your foes. [demonic ancestry]
  1244 | D:1      | Reached XP level 3. HP: 24/26 MP: 6/6
  1660 | D:2      | Found Tuosch's General Store.
  2050 | D:2      | Found a faded altar of an unknown god.
  2472 | D:2      | Noticed Robin
  2476 | D:2      | Gained mutation: Your touch may inflict irresistible damage
                  | on your foes. [demonic ancestry]
  2476 | D:2      | Reached XP level 4. HP: 21/33 MP: 7/7
  2517 | D:2      | Killed Robin
  3077 | D:2      | Bought a wand of roots (4) for 105 gold pieces
  3153 | D:3      | Noticed Sigmund
  3177 | D:3      | Killed Sigmund
  3178 | D:3      | Reached skill level 3 in Short Blades
  3178 | D:3      | Reached skill level 5 in Stealth
  3178 | D:3      | Gained mutation: You are partially covered in molten
                  | scales. (AC +2) [demonic ancestry]
  3178 | D:3      | Reached XP level 5. HP: 24/40 MP: 8/8
  3525 | D:3      | Gained mutation: You are mostly covered in molten scales.
                  | (AC +3) [demonic ancestry]
  3525 | D:3      | Reached XP level 6. HP: 46/46 MP: 9/9
  3586 | D:3      | Noticed Terence
  3596 | D:3      | Killed Terence
  3597 | D:3      | Reached skill level 1 in Unarmed Combat
  3692 | D:3      | Noticed Ijyb
  3709 | D:3      | Killed Ijyb
  3953 | D:3      | Noticed an ice beast
  4019 | D:3      | Killed an ice beast
  4187 | D:4      | Gained mutation: Your hexes are more powerful. [demonic
                  | ancestry]
  4187 | D:4      | Reached XP level 7. HP: 52/52 MP: 10/10
  4316 | D:4      | Reached skill level 4 in Short Blades
  4846 | D:4      | Reached skill level 1 in Hexes
  5050 | D:2      | Bought a +0 scale mail of cold resistance for 121 gold
                  | pieces
  5104 | D:5      | Entered Level 5 of the Dungeon
  5273 | D:5      | Found Zetaj's Mayhem Merchandise.
  5489 | D:5      | Reached skill level 5 in Short Blades
  5489 | D:5      | Reached skill level 1 in Armour
  5489 | D:5      | Reached XP level 8. HP: 31/58 MP: 12/12
  5799 | D:5      | Found Owkoit's Assorted Antiques.
  5805 | D:5      | Bought a scroll labelled SIOZUT DONADA for 23 gold pieces
  5805 | D:5      | Bought a dark potion for 20 gold pieces
  5877 | D:5      | You are sucked into a shaft and drop 3 floors!
  5908 | D:8      | Reached skill level 1 in Throwing
  6157 | D:8      | Noticed a hornet
  6164 | D:8      | Killed a hornet
  6165 | D:8      | Reached skill level 6 in Short Blades
  6249 | D:6      | Found a staircase to the Ecumenical Temple.
  6264 | D:6      | Noticed Dowan
  6411 | D:5      | Gained mutation: Your touch may irresistibly damage your
                  | foes and sap their willpower. [demonic ancestry]
  6411 | D:5      | Reached XP level 9. HP: 39/63 MP: 13/13
  6603 | D:5      | Reached skill level 7 in Short Blades
  6899 | D:5      | Bought a scroll labelled WAIKHAV AD FAX for 23 gold pieces
  6899 | D:5      | Bought a scroll labelled WAIKHAV AD FAX for 23 gold pieces
  6994 | D:6      | Found a blossoming altar of Fedhas.
  7118 | D:6      | Noticed Eustachio
  7152 | D:6      | Killed Eustachio
  7303 | D:6      | Noticed Duvessa
  7675 | D:6      | Found a runed translucent door.
  7676 | D:6      | Noticed Crazy Yiuf
  7683 | D:6      | Killed Crazy Yiuf
  7787 | D:6      | Killed Duvessa
  7788 | D:6      | Reached skill level 8 in Short Blades
  7829 | D:6      | Killed Dowan
  7853 | Temple   | Entered the Ecumenical Temple
  8104 | D:7      | Reached XP level 10. HP: 64/71 MP: 15/15
  8327 | D:7      | Noticed Menkaure
  8348 | D:7      | Killed Menkaure
  8611 | D:7      | Found a sparkling altar of Nemelex Xobeh.
  8619 | D:7      | Found a basalt altar of Yredelemnul.
  8622 | D:7      | Found a broken altar of Ashenzari.
  8629 | D:7      | Found a snail-covered altar of Cheibriados.
  8646 | D:7      | Found an ornate altar of the Wu Jian Council.
  9148 | D:7      | Gained mutation: Your body sometimes deteriorates upon
                  | taking damage. [potion of mutation]
  9148 | D:7      | Gained mutation: Your skin changes colour to match your
                  | surroundings (Stealth+). [potion of mutation]
  9148 | D:7      | Gained mutation: You occasionally shout uncontrollably at
                  | your foes. [potion of mutation]
  9148 | D:7      | Gained mutation: Your flesh is heat resistant. (rF+)
                  | [potion of mutation]
  9363 | D:8      | HP: 4/103 [wight/+2 trident (2)]
  9989 | D:5      | Bought a scroll of identify for 46 gold pieces
  9989 | D:5      | Bought a scroll of identify for 46 gold pieces
 10098 | D:9      | Reached skill level 9 in Short Blades
 10414 | D:9      | Found a staircase to the Lair.
 10795 | D:9      | Found Tudopseedd's Jewellery Shop.
 10832 | D:9      | Found a large runed translucent door.
 10833 | D:9      | Found a large runed translucent door.
 10837 | D:9      | Noticed osoart's ghost (journeyman TrBe)
 11245 | D:9      | Killed osoart's ghost
 11246 | D:9      | Reached skill level 5 in Hexes
 11532 | D:10     | Entered Level 10 of the Dungeon
 11586 | D:10     | Noticed a two-headed ogre
 11591 | D:10     | Killed a two-headed ogre
 11855 | D:10     | Noticed a two-headed ogre
 11863 | D:10     | Killed a two-headed ogre
 11864 | D:10     | Reached XP level 11. HP: 42/78 MP: 17/17
 12138 | D:10     | Reached skill level 10 in Short Blades
 12182 | D:10     | Noticed a sixfirhy
 12197 | D:10     | HP: 1/78 [sixfirhy[a kobold demonologist] (10)]
 12200 | D:10     | Slain by a sixfirhy

Illustrated notes

Levels and vault maps discovered:
D:1:      roderic_crossed_star, layout_basic, serial_forest,
          infiniplex_forest_clump_cross, infiniplex_forest_clump_small,
          infiniplex_forest_lined_corner, infiniplex_forest_side_room,
          chequers_hall_statues_y, minmay_pentomino_r2
D:2:      layout_basic, hellmonk_ecumenical_altar_zigzags, serial_shops,
          nicolae_shop_waterfront, uniq_robin
D:3:      layout_loops_cross, uniq_sigmund, uniq_terence, uniq_ijyb
D:4:      layout_loops_cross, nrook_loot_triangle
D:5:      minmay_diamond_boxcup, layout_basic, serial_shops,
          nicolae_shop_waterfront, minmay_shop_mayhem
D:6:      layout_gridville, general_overflow_altar, minmay_temple_entry_arrows,
          uniq_crazy_yiuf_cottage, uniq_eustachio, uniq_duvessa
D:7:      layout_basic, grunt_temple_overflow_octagram, grunt_ministairs_7,
          minmay_door_square, minmay_checkerbox, uniq_menkaure
D:8:      layout_rooms
D:9:      layout_irregular_city, dpeg_oklobed_lair, ebering_ghost_disaster_area,
          serial_shops, shop
D:10:     minmay_general_purpose_star, layout_loops_ring
Temple:   nicolae_temple_great_sept

Skill      XL: |  1  2  3  4  5  6  7  8  9 10 11 |
---------------+----------------------------------+-----
Dodging        | 1 2 3 4 |  4.0
Short Blades   | 1 3 5 6 8 9 10 | 10.0
Fighting       | 2 3 4 |  4.7
Stealth        | 5 6 7 8 9 |  9.5
Unarmed Combat | 2 4 |  4.0
Hexes          | 2 3 4 5 |  5.0
Spellcasting   | 3 4 |  4.0
Armour         | 1 2 |  2.0
Throwing       | 1 |  1.0
Evocations     | 2 |  2.0
Transmutations | |  1.0

Action                   |  1- 3 |  4- 6 |  7- 9 | 10-12 || total
-------------------------+-------+-------+-------+-------++-------
Melee: Dagger            |   128 |    99 |   213 |       ||   440
       Short sword       |    20 |       |    37 |   192 ||   249
       Touch             |    29 |     8 |    36 |    35 ||   108
       Punch             |     1 |     1 |     2 |     5 ||     9
Throw: Javelin           |     6 |     9 |     1 |       ||    16
       Dart              |       |    10 |     7 |     2 ||    19
Evoke: Wand              |       |       |     8 |     3 ||    11
  Use: Potion            |     1 |     3 |       |     5 ||     9
       Scroll            |     5 |     2 |     9 |     6 ||    22
 Stab: Sleeping          |    10 |     4 |    14 |     3 ||    31
Armor: Robe              |    11 |       |       |       ||    11
       Leather armour    |     4 |    12 |    13 |    28 ||    57
       Ring mail         |       |    10 |    60 |       ||    70
       Scale mail        |       |    10 |    14 |       ||    24
       Steam dragon scal |       |       |       |    32 ||    32
Dodge: Dodged            |    36 |    38 |    97 |    90 ||   261

Table legend: (Time is in decaauts)
 A = Elapsed time spent in this place.
 B = Non-inter-level travel time spent in this place.
 C = Inter-level travel time spent in this place.
 D = Time resting spent in this place.
 E = Time spent auto-exploring this place.
 F = Levels seen in this place.
 G = Mean time per level.
                   A        B        C        D        E       F      G
               +--------+--------+--------+--------+--------+-----+--------+
         Total |  11949 |  10272 |   1677 |   3111 |   4560 |  11 | 1086.3 |
       Dungeon |  11855 |  10198 |   1657 |   3111 |   4497 |  10 | 1185.5 |
        Temple |     93 |     74 |     19 |      0 |     63 |   1 |   93.0 |
               +--------+--------+--------+--------+--------+-----+--------+

Top non-repeatable levels by time:
     D:1: 1963 daAuts
     D:9: 1599 daAuts
     D:5: 1363 daAuts
     D:8: 1298 daAuts
     D:2: 1255 daAuts
     D:7: 1237 daAuts
     D:6: 1026 daAuts
     D:3: 1009 daAuts
     D:4: 893 daAuts
    D:10: 209 daAuts
  Temple: 93 daAuts
